 Dungeon Crawl Stone Soup version 0.32-a0-909-gc671339a80 (webtiles) character file.

Game seed: 201595034915859386

2816 dialectric the Changeling (level 9, -3/133 HPs)
             Began as a Troll Shapeshifter on Apr 7, 2024.
             Was a Believer of Nemelex Xobeh.
             Slain by an orc warrior
             ... wielding a +0 halberd
              (14 damage)
             ... in a bailey.
             The game lasted 00:07:43 (3652 turns).

dialectric the Changeling (Troll Shapeshifter)      Turns: 3652, Time: 00:07:44

Health: -3/133     AC: 12    Str: 26    XL:     9   Next: 44%
Magic:  8/8        EV: 10    Int:  6    God:    Nemelex Xobeh [**....]
Gold:   406        SH:  0    Dex: 11    Spells: 8/8 levels left

rFire   x x .        o - +2 whip (drain)
rCold   x x .        (no shield)
rNeg    . . .        a - +0 animal skin
rPois   +            (helmet currently unavailable)
rElec   .            (cloak currently unavailable)
rCorr   .            (gloves unavailable)
SInv    .            (boots unavailable)
Will    +....        l - amulet of Elemental Vulnerability {rPois rF-- rC-- AC+8} Stlth
                     h - ring of flight
HPRegen 1.22/turn    (no ring)
MPRegen 0.11/turn

%: no passive effects
@: mighty, berserking, beast-form, enlightened, flying, very quick
A: beast (slay +3), large, unfitting armour, claws 3, regeneration 1, shaggy fur
1, tough skin 1
a: Begin Untransformation, Renounce Religion, Draw Escape, Draw Destruction,
Draw Summoning


You were in a bailey.
You worshipped Nemelex Xobeh.
Nemelex Xobeh was pleased with you.
You were a hulking beast.
You visited 1 branch of the dungeon, and saw 7 of its levels.
You also visited: Bailey.

You collected 406 gold pieces.

Inventory:

Hand Weapons
 b - a +2 whip of electrocution
 o - a +2 whip of draining (weapon)
 s - the +6 falchion of Ru's Pride {chaos, rC+ Str+2 Stlth+}
   (You found it on level 4 of the Dungeon)

   Str+2:     It affects your strength (+2).
   rC+:       It protects you from cold.
   Stlth+:    It makes you more stealthy.
 w - a +0 morningstar
Armour
 a - a +0 animal skin (worn)
Jewellery
 h - a ring of flight (left claw)
 l - the amulet of Elemental Vulnerability (around neck) {rPois rF-- rC-- AC+8}
   (You found it on level 3 of the Dungeon)

   [amulet of nothing]

   AC+8:      It affects your AC (+8).
   rF--:      It makes you very vulnerable to fire.
   rC--:      It makes you very vulnerable to cold.
   rPois:     It protects you from poison.
Talismans
 c - a beast talisman (active)
 d - a flux talisman
Wands
 k - a wand of flame (6)
 t - a wand of light (13)
Scrolls
 f - 2 scrolls of teleportation
 g - 2 scrolls of fog {unknown}
 i - a scroll of noise {unknown}
 p - a scroll of immolation {unknown}
 q - a scroll of revelation {unknown}
 x - a scroll of vulnerability {unknown}
 y - a scroll of blinking {unknown}
Potions
 e - 3 potions of might
 j - 2 potions of curing
 m - a potion of resistance
 r - a potion of mutation
 u - a potion of magic {unknown}


   Skills:
 + Level 5.8 Fighting
 + Level 2.1 Maces & Flails
 - Level 4.4 Armour
 + Level 5.6 Dodging
 - Level 3.0 Unarmed Combat
 + Level 6.6 Shapeshifting


You had 8 spell levels left.
You didn't know any spells.
Your spell library contained the following spells:

 Spells                   Type           Power      Damage    Failure   Level
 Summon Small Mammal      Summ           0%         N/A       45%         1
 Cigotuvi's Dreadful Rot  Necr/Alch/Air  0%         N/A       58%         2
 Call Canine Familiar     Summ           0%         N/A       83%         3
 Tukima's Dance           Hex            0%         N/A       83%         3
 Ignite Poison            Fire/Alch      0%         N/A       99%         4
 Passage of Golubria      Tloc           0%         N/A       99%         4
 Summon Blazeheart Golem  Fire/Summ      0%         N/A       99%         4
 Freezing Cloud           Conj/Ice/Air   0%         6-21      100%        5
 Yara's Violent Unravell  Hex/Alch       0%         3d3       100%        5


Dungeon Overview and Level Annotations

Branches:
Dungeon (7/15)             Bailey (1/1)
 Temple: D:4-7

Altars:
Dithmenos
Gozag
Kikubaaqudgha
Nemelex Xobeh
Okawaru
Ru
Wu Jian
The Shining One

Shops:
D:5 [


Innate Abilities, Weirdness & Mutations

You are a hulking beast.
Your limbs bulge with bestial killing power. (Slay +3)
You are too large for most types of armour.
You have claws for hands.
Your natural rate of healing is unusually fast.
You are covered in fur. (AC +1)
You have tough skin. (AC +1)


Message History

Unknown command.
You whack the orc warrior!
You kill the orc warrior!
The orc warrior hits you from afar with a +0 halberd.
Your Maces & Flails skill increases to level 2!
You barely miss the orc warrior.
The orc warrior hits you from afar with a +0 halberd!
The orc hits you from afar with a +0 halberd.
Unknown command.
You whack the orc!
You kill the orc!
The orc warrior hits you from afar with a +0 halberd.
The orc warrior hits you with a +0 halberd.
The orc hits you from afar with a +0 halberd.
You barely miss the orc warrior.
The orc warrior hits you from afar with a +0 halberd!
* * * LOW HITPOINT WARNING * * *
The orc warrior hits you with a +0 halberd!
* * * LOW HITPOINT WARNING * * *
The orc barely misses you. The orc hits you but does no damage.
Unknown command.
Unknown command.
You feel better. The orc warrior barely misses you.
The orc warrior hits you with a +0 halberd.
* * * LOW HITPOINT WARNING * * *
The orc barely misses you. x2
Unknown command.
It was a potion of enlightenment.
You feel more buoyant.
The orc warrior hits you from afar with a +0 halberd.
* * * LOW HITPOINT WARNING * * *
The orc warrior hits you but does no damage.
The orc barely misses you. The orc hits you but does no damage.
It was a potion of berserk rage.
A red film seems to cover your vision as you go berserk!
You feel yourself moving faster!
You feel mighty! The orc hits you but does no damage.
The orc warrior hits you from afar with a +0 halberd!
You die...
Your body glows slightly and disappears.

#...#
###'###
##.....##
#.......#
#.......#
#.....).#
#o.#o#.)#
#.##ß##)#
#..#h#.)#
#.oooo).#
#....)..#
#∩.....∩#
#.......#
##..∩..##
#######


You could see 2 orc warriors and 3 orcs.

Vanquished Creatures
  Pikel (D:5)
  A water moccasin (D:3)
  An ice beast (D:6)
  2 black bears (D:4)
  2 orc warriors (Bailey)
  2 centaurs
  A bullfrog (D:7)
  A phantom (D:6)
  7 scorpions
  2 howler monkeys (D:4)
  A vampire bat (D:3)
  5 hounds
  2 jellies (D:4)
  5 orc priests
  3 gnoll boudas
  2 sleepcaps
  Terence (D:3)
  Ijyb (D:4)
  2 iguanas
  3 orc wizards
  14 gnolls
  8 adders
  3 shadow imps
  A dart slug (D:3)
  31 orcs
  3 ball pythons
  2 bat skeletons (D:3)
  5 bat zombies (D:3)
  3 endoplasms
  3 giant cockroaches
  3 goblins
  5 hobgoblins
  4 kobolds
  3 quokkas
  3 bats
  2 frilled lizards (D:2)
  2 rats
140 creatures vanquished.

Vanquished Creatures (others)
  A shadow imp (D:5)
1 creature vanquished.

Grand Total: 141 creatures vanquished

Notes
Turn   | Place    | Note
-------+----------+-------------------------------------------
     0 | D:1      | dialectric the Troll Shapeshifter began the quest for the
                  | Orb.
     0 | D:1      | Reached XP level 1. HP: 18/18 MP: 0/0
    41 | D:1      | Reached skill level 1 in Fighting
    41 | D:1      | Reached XP level 2. HP: 6/27 MP: 1/1
   186 | D:1      | You fall into a shaft and drop 1 floor!
   342 | D:2      | Noticed a scorpion
   358 | D:2      | Killed a scorpion
   359 | D:2      | Reached XP level 3. HP: 27/36 MP: 2/2
   359 | D:2      | Reached XP level 4. HP: 33/44 MP: 3/3
   480 | D:2      | Found a sparkling altar of Nemelex Xobeh.
   653 | D:2      | Became a worshipper of Nemelex Xobeh the Trickster
   742 | D:3      | Reached XP level 5. HP: 22/52 MP: 4/4
   796 | D:3      | Noticed Terence
   801 | D:3      | Killed Terence
   901 | D:3      | Found the amulet of Elemental Vulnerability {rPois rF--
                  | rC-- AC+8}
  1349 | D:3      | Found an ancient bone altar of Kikubaaqudgha.
  1372 | D:3      | Reached skill level 1 in Armour
  1372 | D:3      | Reached skill level 4 in Shapeshifting
  1372 | D:3      | Reached XP level 6. HP: 60/61 MP: 5/5
  1416 | D:4      | Reached * piety under Nemelex Xobeh
  1588 | D:4      | Reached XP level 7. HP: 68/68 MP: 6/6
  1641 | D:4      | Identified the +6 falchion of Ru's Pride {chaos, rC+ Str+2
                  | Stlth+}
  1994 | D:5      | Entered Level 5 of the Dungeon
  2052 | D:4      | Reached skill level 5 in Shapeshifting
  2063 | D:4      | Reached XP level 8. HP: 56/79 MP: 7/7
  2092 | D:5      | Noticed Ijyb
  2333 | D:4      | Killed Ijyb
  2381 | D:5      | Noticed Pikel
  2399 | D:5      | Killed Pikel
  2400 | D:5      | Reached skill level 5 in Fighting
  2400 | D:5      | Reached skill level 5 in Dodging
  2400 | D:5      | Reached skill level 6 in Shapeshifting
  2532 | D:5      | Received a gift from Nemelex Xobeh
  2597 | D:5      | Found Cuokhu's Antique Armour Shop.
  2683 | D:5      | Found a shadowy altar of Dithmenos.
  2690 | D:5      | Found an iron altar of Okawaru.
  2839 | D:6      | Reached ** piety under Nemelex Xobeh
  2894 | D:6      | Reached XP level 9. HP: 88/88 MP: 8/8
  3103 | D:6      | Reached skill level 1 in Maces & Flails
  3429 | D:6      | Identified the +5 scale mail of the Shore {rN+ Int+3}
  3460 | D:6      | Found a glowing golden altar of the Shining One.
  3460 | D:6      | Found an opulent altar of Gozag.
  3469 | D:6      | Found a sparkling altar of Nemelex Xobeh.
  3471 | D:6      | Found an ornate altar of the Wu Jian Council.
  3473 | D:6      | Found a sacrificial altar of Ru.
  3512 | D:7      | Found a flagged portal.
  3548 | Bailey   | Entered a bailey
  3548 | Bailey   | Received a gift from Nemelex Xobeh
  3649 | Bailey   | HP: 2/89 [orc warrior/+0 halberd (15)]
  3652 | Bailey   | Slain by an orc warrior

Illustrated notes

Levels and vault maps discovered:
D:1:      mrwooster_arrival_statue, layout_basic
D:2:      layout_rooms, basic_altar, minmay_pentomino_u4
D:3:      layout_loops_ring, kennysheep_vampire_church,
          kennysheep_generic_room_10, uniq_terence
D:4:      layout_loops_ring
D:5:      layout_cave_pools, amethyst_overflow_temple_binary,
          nicolae_overflow_hidden_temple, serial_shops, nicolae_shop_waterfront,
          uniq_pikel, uniq_ijyb
D:6:      wander_river, layout_loops_ring, chequers_temple_overflow_minitemple
D:7:      layout_rooms, nicolae_sif_muna_condensation,
          minmay_temple_entry_stoned_glass, enter_bailey_2,
          nicolae_shop_clearance
Bailey:   bailey_polearm_5, bailey

Skill      XL: |  1  2  3  4  5  6  7  8  9 |
---------------+----------------------------+-----
Fighting       | 1 2 3 4 5 |  5.8
Dodging        | 2 3 4 5 |  5.6
Armour         | 1 2 4 |  4.4
Shapeshifting  | 4 5 6 |  6.6
Maces & Flails | 2 |  2.1
Unarmed Combat | |  3.0

Action                     |  1- 3 |  4- 6 |  7- 9 || total
---------------------------+-------+-------+-------++-------
  Melee: Unarmed           |    45 |    10 |       ||    55
         Whip              |       |   117 |   291 ||   408
         Punch             |       |     1 |       ||     1
  Throw: Dart              |       |       |     4 ||     4
  Evoke: Wand              |       |       |     9 ||     9
    Use: Potion            |     1 |     1 |     4 ||     6
         Scroll            |       |       |     5 ||     5
   Stab: Invisible         |       |     1 |       ||     1
 Armour: Animal skin       |    30 |   139 |   325 ||   494
         Skin              |     2 |       |       ||     2
  Dodge: Dodged            |    25 |   103 |   216 ||   344

Table legend: (Time is in decaauts)
 A = Elapsed time spent in this place.
 B = Non-inter-level travel time spent in this place.
 C = Inter-level travel time spent in this place.
 D = Time resting spent in this place.
 E = Time spent auto-exploring this place.
 F = Levels seen in this place.
 G = Mean time per level.
                   A        B        C        D        E       F      G
               +--------+--------+--------+--------+--------+-----+--------+
         Total |   3695 |   3578 |    117 |    151 |   2284 |   8 |  461.9 |
       Dungeon |   3591 |   3474 |    117 |    151 |   2253 |   7 |  513.0 |
        Bailey |    104 |    104 |      0 |      0 |     31 |   1 |  104.0 |
               +--------+--------+--------+--------+--------+-----+--------+

Top non-repeatable levels by time:
     D:4: 848 daAuts
     D:3: 777 daAuts
     D:6: 703 daAuts
     D:5: 550 daAuts
     D:2: 491 daAuts
     D:1: 185 daAuts
  Bailey: 104 daAuts
     D:7: 35 daAuts
